[Event "Early-Titled-Tuesday-Blitz-January-23-2024"]
[Site "Chess.com"]
[Date "2024.01.23"]
[Round "4"]
[White "Baronessa08"]
[Black "KNVB"]
[Result "0-1"]
[WhiteElo "2536"]
[BlackElo "2757"]
[TimeControl "180+1"]
[EndTime "8:41:47 PST"]
[Termination "KNVB won on time"]

1. Nf3 b6 2. g3 Bb7 3. Bg2 c5 4. c4 e6 5. O-O Nf6 6. b3 d6 7. Bb2 Be7 8. d3 O-O 9. e4 a6 10. Nc3 Nc6 11. Re1 Re8 12. d4 cxd4 13. Nxd4 Qc7 14.
Rc1 Ne5 15. f4 Ned7 16. f5 Bd8 17. fxe6 fxe6 18. g4 Ne5 19. g5 Nfd7 20. Nce2 Bxg5 21. Rc3 Nf6 22. Ng3 Rad8 23. Bc1 Bxc1 24. Qxc1 Qf7 25.
Nf3 Nfg4 26. Nxe5 Nxe5 27. Rf1 Qg6 28. Qe3 Nd7 29. Rc2 Rf8 30. Rcf2 Rxf2 31. Rxf2 Rf8 32.
Rxf8+ Kxf8 33. Qd4 Ke7 34. b4 Qg5 35. a4 Qe5 36. Qd3 g6 37. Qd2 a5 38. bxa5 bxa5 39.
Qh6 Qf6 40. Qxh7+ Qf7 41. Qh4+ Qf6 42. Qh7+ Kd8 43. Qg8+ Kc7 44. e5 Qxe5 45. Bxb7 Kxb7 46. Qxg6 Qe3+ 47. Kg2 Qd2+ 48. Kg1 Qd4+ 49. Kg2 Qb2+ 50. Kh3 Qe5 51. Qf7 Kc6 52. Kg2 Nf6 53. Qf8 Qb2+ 54. Kh3 Kc7 55. Qe7+ Nd7 56. Qxe6 Qh8+ 57. Kg2 Qb2+ 58.
Ne2 Ne5 59. Kf1 Qb1+ 60. Kf2 Qe4 61. Qe7+ Kc6 62. Qe8+ Kc7 63. Qe7+ Kc8 64. Qe8+ Kb7 65. Qe7+ Ka8 66. Qe8+ Ka7 67. Qe7+ Kb8 68. Qe8+ Kb7 69. Qe7+ Kb6 70. Qxd6+ Nc6 71. Qd5 Qh4+ 72. Kg2 Qg4+ 73. Kf1 Qh3+ 74. Ke1 Qh4+ 75. Kd2 Qxh2 76. Qb5+ Kc7 77.
c5 Qh6+ 78. Kd1 Qh1+ 79. Kd2 Qd5+ 80. Ke1 Qe4 81. Qb6+ Kd7 82. Qb7+ Ke6 83. Qc8+ Kd5 84. Qd7+ Kc4 85. Qd2 Qh1+ 86. Kf2 Qh2+ 87. Ke1 Qh1+ 88. Kf2 Qh4+ 89. Kf1 Kxc5 90. Qc2+ Kb6 91. Qb3+ Kc7 92. Qe3 Qh1+ 93. Kf2 Qh2+ 94. Kf1 Qh1+ 95. Kf2 Qh4+ 96. Kf1 Qxa4 97. Qc5 Qd1+ 98. Kf2 Qb1 99. Qh5 Qe4 100. Ke1 Kb6 101. Kd2 Qb4+ 102. Kd1 Qb1+ 103. Kd2 Qb2+ 104. Kd1 a4 105. Qh3 Qb1+ 106. Kd2 Qb2+ 107. Kd1 a3 108. Qe3+ Kb7 109. Nc3 a2 110. Nxa2 Qxa2 111. Kc1 Qa1+ 112. Kc2 Nb4+ 113. Kd2 Qb2+ 114. Ke1 Nc2+ 0-1

[Event "Early-Titled-Tuesday-Blitz-January-23-2024"]
[Site "Chess.com"]
[Date "2024.01.23"]
[Round "5"]
[White "giomar27"]
[Black "Iball95"]
[Result "0-1"]
[WhiteElo "2414"]
[BlackElo "2771"]
[TimeControl "180+1"]
[EndTime "8:49:37 PST"]
[Termination "Iball95 won by resignation"]

1. d4 d5 2. Nc3 Nf6 3. Bf4 c5 4. e4 Nxe4 5. Nxe4 dxe4 6. dxc5 Qa5+ 7. c3 Qxc5 8. Qa4+ Nc6 9. Qxe4 g6 10. Nf3 Bg7 11.
Be2 Bxc3+ 12. Nd2 Bxb2 13. Rb1 Bf5 0-1

[Event "Early-Titled-Tuesday-Blitz-January-23-2024"]
[Site "Chess.com"]
[Date "2024.01.23"]
[Round "5"]
[White "RichardLeyvaP"]
[Black "Felix-Rose"]
[Result "1-0"]
[WhiteElo "2498"]
[BlackElo "2291"]
[TimeControl "180+1"]
[EndTime "8:49:58 PST"]
[Termination "RichardLeyvaP won by resignation"]

1. e4 e5 2. d4 exd4 3. Qxd4 Nc6 4. Qe3 Nf6 5. Nc3 Bb4 6. Bd2 O-O 7. O-O-O Re8 8.
Bc4 Bxc3 9. Bxc3 Nxe4 10. Qf4 Qf6 1-0

[Event "Early-Titled-Tuesday-Blitz-January-23-2024"]
[Site "Chess.com"]
[Date "2024.01.23"]
[Round "5"]
[White "MVM2008"]
[Black "Heinza9"]
[Result "1-0"]
[WhiteElo "2551"]
[BlackElo "2309"]
[TimeControl "180+1"]
[EndTime "8:50:01 PST"]
[Termination "MVM2008 won by checkmate"]

1. e4 e5 2. Nf3 Nc6 3. Nc3 Nf6 4. Nd5 Nxe4 5. Qe2 Nf6 6. Nxe5 Be7 7. Nxf6+ gxf6 8. Nxf7 Kxf7 9. Qh5+ Kg8 10. Bc4+ Kg7 11. Qf7+ Kh6 12. d4# 1-0

[Event "Early-Titled-Tuesday-Blitz-January-23-2024"]
[Site "Chess.com"]
[Date "2024.01.23"]
[Round "5"]
[White "Nemegejas"]
[Black "LileKoridze"]
[Result "1-0"]
[WhiteElo "2883"]
[BlackElo "2309"]
[TimeControl "180+1"]
[EndTime "8:50:21 PST"]
[Termination "Nemegejas won by resignation"]

1. d4 Nf6 2. c4 e6 3. Nc3 Bb4 4. Bg5 O-O 5. e3 d5 6. Nf3 Nbd7 7. Rc1 c6 8. Bd3 h6 9. Bh4 b6 10. O-O Bb7 11. Ne5 Be7 12. f4 Ne4 13. Bxe7 Qxe7 14.
Nxe4 dxe4 15. Bxe4 Rac8 16. c5 bxc5 17. Nxd7 Qxd7 18.
Rxc5 Rfd8 19. Qc2 Qe7 20. Rc1 Rd6 21. b4 Rcd8 22. a3 f6 23. Bxc6 1-0

[Event "Early-Titled-Tuesday-Blitz-January-23-2024"]
[Site "Chess.com"]
[Date "2024.01.23"]
[Round "5"]
[White "Arystanner"]
[Black "Shahdad2007"]
[Result "1-0"]
[WhiteElo "2786"]
[BlackElo "2459"]
[TimeControl "180+1"]
[EndTime "8:50:22 PST"]
[Termination "Arystanner won by resignation"]

1. e4 c5 2. Nf3 e6 3. c3 d5 4. e5 d4 5. d3 Nc6 6. g3 Nge7 7. Bg2 Ng6 8. Qe2 Be7 9. O-O O-O 10. h4 h5 11. Re1 Rb8 12. Bg5 b5 13. Bxe7 Ngxe7 14. Ng5 g6 15. Nd2 dxc3 16. bxc3 Bb7 17. Nde4 Kg7 18.
Nxc5 Ba8 19. Ncxe6+ 1-0

[Event "Early-Titled-Tuesday-Blitz-January-23-2024"]
[Site "Chess.com"]
[Date "2024.01.23"]
[Round "5"]
[White "Chessdreamer2020"]
[Black "Nekoo04"]
[Result "1-0"]
[WhiteElo "2548"]
[BlackElo "2360"]
[TimeControl "180+1"]
[EndTime "8:50:23 PST"]
[Termination "Chessdreamer2020 won by resignation"]

1. e4 c5 2. Nf3 d6 3. d4 cxd4 4. Qxd4 Nf6 5. Be2 Nc6 6. Qe3 Bg4 7. O-O g6 8. Nc3 Bg7 9. Nd5 O-O 10. c3 Qa5 11.
Nxf6+ Bxf6 12. Qf4 Bxf3 13. Qxf3 b5 14. Bh6 Rfc8 15.
a3 Ne5 16. Qh3 Nc4 17. Rab1 Nd2 18. Bxd2 1-0

[Event "Early-Titled-Tuesday-Blitz-January-23-2024"]
[Site "Chess.com"]
[Date "2024.01.23"]
[Round "5"]
[White "rikchessmx"]
[Black "PawnEatingZombie"]
[Result "1-0"]
[WhiteElo "2376"]
[BlackElo "2105"]
[TimeControl "180+1"]
[EndTime "8:50:27 PST"]
[Termination "rikchessmx won by resignation"]

1. e4 e6 2. d4 d5 3. Nc3 Nf6 4. Bg5 dxe4 5. Nxe4 Be7 6. Bxf6 Bxf6 7. Nf3 O-O 8. Bd3 Nd7 9. Qe2 b6 10. g4 Bb7 11. g5 Be7 12. h4 c5 13. O-O-O Qc7 14. Rhg1 Rac8 15. dxc5 Nxc5 16. Nf6+ Kh8 17. Bxh7 Nb3+ 18.
axb3 Bxf3 19. Qxf3 Qxc2+ 20. Bxc2 1-0

[Event "Early-Titled-Tuesday-Blitz-January-23-2024"]
[Site "Chess.com"]
[Date "2024.01.23"]
[Round "5"]
[White "NowInChess"]
[Black "Horokoskii"]
[Result "1-0"]
[WhiteElo "2282"]
[BlackElo "2067"]
[TimeControl "180+1"]
[EndTime "8:50:27 PST"]
[Termination "NowInChess won by resignation"]

1. e4 c5 2. d3 d6 3. g3 Nf6 4. Bg2 e6 5. f4 Nbd7 6. Nf3 Be7 7. O-O O-O 8. Nc3 Rb8 9. a4 b6 10. h3 Bb7 11. Be3 Qc7 12. Nb5 Qd8 13. Nxa7 Bc6 14. Nxc6 1-0

[Event "Early-Titled-Tuesday-Blitz-January-23-2024"]
[Site "Chess.com"]
[Date "2024.01.23"]
[Round "5"]
[White "Let_it_be_1"]
[Black "Yaacovn"]
[Result "0-1"]
[WhiteElo "2582"]
[BlackElo "2777"]
[TimeControl "180+1"]
[EndTime "8:50:36 PST"]
[Termination "Yaacovn won by resignation"]

1. e4 c6 2. d4 d5 3. Nd2 dxe4 4. Nxe4 Nf6 5. Nxf6+ gxf6 6. Qd3 Qd5 7. c4 Qf5 8. Nf3 Na6 9. Qb3 e5 10. dxe5 Nb4 11.
Kd1 Be6 12. Bd2 O-O-O 13. a3 Nd3 14. Bxd3 Rxd3 15. Qa4 Bh6 16. Qxa7 Rhd8 17. Qa8+ Kc7 18. Qa5+ Kb8 0-1

[Event "Early-Titled-Tuesday-Blitz-January-23-2024"]
[Site "Chess.com"]
[Date "2024.01.23"]
[Round "5"]
[White "tomesao"]
[Black "eagleclaw07"]
[Result "0-1"]
[WhiteElo "2496"]
[BlackElo "2637"]
[TimeControl "180+1"]
[EndTime "8:50:40 PST"]
[Termination "eagleclaw07 won by resignation"]

1. d4 d5 2. Nf3 Nf6 3. Bf4 e6 4. e3 Bd6 5. Nbd2 O-O 6. c3 Bxf4 7. exf4 b6 8. Ne5 c5 9. Ndf3 Ba6 10. Bxa6 Nxa6 11.
Qd3 Nc7 12. h4 Nce8 13. h5 h6 14. O-O-O c4 15. Qc2 Ne4 16. g4 Qf6 17. g5 Qxf4+ 18. Kb1 Nxg5 19. Rh4 Qf6 20. Nd7 Qxf3 21. Nxf8 Kxf8 0-1

[Event "Early-Titled-Tuesday-Blitz-January-23-2024"]
[Site "Chess.com"]
[Date "2024.01.23"]
[Round "5"]
[White "Indianlad"]
[Black "Jospem"]
[Result "1/2-1/2"]
[WhiteElo "2994"]
[BlackElo "3102"]
[TimeControl "180+1"]
[EndTime "8:50:51 PST"]
[Termination "Game drawn by repetition"]

1. Nf3 Nf6 2. g3 g6 3. Bg2 Bg7 4. O-O O-O 5. d4 d6 6. Nc3 d5 7.
Re1 Bg4 8. h3 Bxf3 9. Bxf3 c6 10. e4 dxe4 11. Nxe4 Nxe4 12. Rxe4 e6 13. c3 Nd7 14. Re1 a5 15. a4 Qb6 16. Qc2 Rfe8 17.
Bg2 Nf6 18. Bd2 Nd5 19. h4 h5 20. Rad1 Qc7 21. Qb3 Rad8 22. Bg5 Rc8 23. Re2 Qd7 24. Ra1 Ra8 25. Rae1 Rac8 26. Ra1 Ra8 27. Rae1 Rac8 28.
Ra1 1/2-1/2

[Event "Early-Titled-Tuesday-Blitz-January-23-2024"]
[Site "Chess.com"]
[Date "2024.01.23"]
[Round "5"]
[White "alvarorodriguezavila"]
[Black "Bastiandash"]
[Result "1-0"]
[WhiteElo "2316"]
[BlackElo "2508"]
[TimeControl "180+1"]
[EndTime "8:50:52 PST"]
[Termination "alvarorodriguezavila won by resignation"]

1. e4 c5 2. d4 e6 3. d5 exd5 4. exd5 d6 5. c4 Nf6 6. h3 Be7 7. Nf3 O-O 8. Bd3 Re8 9. O-O Bf8 10. Nc3 Na6 11. a3 Nc7 12. Qc2 g6 13. Bg5 h6 14. Bh4 Bg7 15. Rfe1 Bd7 16. Rxe8+ Ncxe8 17. Re1 a6 18. Bxg6 fxg6 19. Qxg6 Nc7 20. Ne4 Nce8 21. Ng3 Qa5 22. Re7 1-0

[Event "Early-Titled-Tuesday-Blitz-January-23-2024"]
[Site "Chess.com"]
[Date "2024.01.23"]
[Round "5"]
[White "doctorcristian"]
[Black "deribas12345"]
[Result "1-0"]
[WhiteElo "2614"]
[BlackElo "2470"]
[TimeControl "180+1"]
[EndTime "8:51:05 PST"]
[Termination "doctorcristian won by resignation"]

1. d4 Nf6 2. Nc3 e6 3. e4 d5 4. Bg5 Be7 5. e5 Ne4 6. Bxe7 Qxe7 7. Nxe4 dxe4 8. c3 O-O 9. Qc2 f5 10. exf6 Qxf6 11. O-O-O Qxf2 12. Qxe4 Qf4+ 13. Qxf4 Rxf4 14. Nf3 Nc6 15. Bc4 Na5 16. Bd3 Bd7 17. Rde1 Raf8 18. Ng5 h6 19. Nxe6 Bxe6 20. Rxe6 Rf2 21. Re2 Rxe2 22.
Bxe2 Rf2 23. Bf3 Nc4 24. Bd5+ Kh8 25. Bxc4 1-0

[Event "Early-Titled-Tuesday-Blitz-January-23-2024"]
[Site "Chess.com"]
[Date "2024.01.23"]
[Round "5"]
[White "Practical-Play"]
[Black "TregubovP"]
[Result "1-0"]
[WhiteElo "2515"]
[BlackElo "2664"]
[TimeControl "180+1"]
[EndTime "8:51:09 PST"]
[Termination "Practical-Play won by resignation"]

1. e4 c5 2. c3 d5 3. exd5 Qxd5 4. d4 g6 5. Nf3 Bg7 6. Na3 Nf6 7. Bc4 Qe4+ 8. Be3 O-O 9. O-O Ng4 10. Bg5 Nc6 11.
Nh4 Nf6 12. f3 1-0

[Event "Early-Titled-Tuesday-Blitz-January-23-2024"]
[Site "Chess.com"]
[Date "2024.01.23"]
[Round "5"]
[White "LastHeroJr"]
[Black "RandomNoob04"]
[Result "0-1"]
[WhiteElo "2445"]
[BlackElo "2582"]
[TimeControl "180+1"]
[EndTime "8:51:14 PST"]
[Termination "RandomNoob04 won by resignation"]

1. e4 e5 2. Nf3 Nf6 3. d4 Nxe4 4.
Bd3 d5 5. dxe5 Nc5 6. h3 Be7 7. O-O O-O 8. Nc3 c6 9. Bf4 Re8 10.
Re1 Nbd7 11. Ne2 Nf8 12. c3 Nxd3 13. Qxd3 Ng6 14. Bg3 c5 15. Rad1 Be6 16. Nf4 Nxf4 17. Bxf4 h6 18. Bg3 Qb6 19. Qe2 Rad8 20. Nh2 d4 21. c4 d3 22. Rxd3 Rxd3 23. Qxd3 Qxb2 24.
Rb1 Qxa2 25. Rxb7 Bxc4 26. Qd7 Qa1+ 27. Nf1 Qxf1+ 28. Kh2 Kf8 29. Bh4 Bxh4 30. e6 Bxe6 0-1

[Event "Early-Titled-Tuesday-Blitz-January-23-2024"]
[Site "Chess.com"]
[Date "2024.01.23"]
[Round "5"]
[White "Egorov_Pavel"]
[Black "yaguigor"]
[Result "0-1"]
[WhiteElo "2493"]
[BlackElo "2626"]
[TimeControl "180+1"]
[EndTime "8:51:18 PST"]
[Termination "yaguigor won by checkmate"]

1. d4 d5 2. c4 c6 3. Nc3 Nf6 4. Nf3 e6 5. Bg5 dxc4 6. e4 b5 7. e5 h6 8. Bh4 g5 9. Nxg5 hxg5 10. Bxg5 Nbd7 11. exf6 Bb7 12. g3 c5 13. d5 Qb6 14.
Bg2 O-O-O 15. O-O b4 16. Na4 Qb5 17. a3 Nb8 18. axb4 cxb4 19. Be3 Bxd5 20. Qe2 Nc6 21.
Rfc1 Kb7 22. b3 Bxg2 23. bxc4 Qf5 24. Kxg2 Qh3+ 25. Kf3 Ne5+ 26. Ke4 Qf5# 0-1

[Event "Early-Titled-Tuesday-Blitz-January-23-2024"]
[Site "Chess.com"]
[Date "2024.01.23"]
[Round "5"]
[White "Squirlolz"]
[Black "monomita"]
[Result "0-1"]
[WhiteElo "2582"]
[BlackElo "2835"]
[TimeControl "180+1"]
[EndTime "8:51:20 PST"]
[Termination "monomita won by resignation"]

1. d4 Nf6 2. Qd3 d5 3. Bf4 e6 4. Nd2 Bd6 5. e3 Bxf4 6. exf4 O-O 7. O-O-O c5 8. dxc5 Qc7 9. Nb3 Qxf4+ 10. Kb1 Nc6 11. Nf3 Ne4 12. g3 Qf6 13. Qe3 a5 14. a4 Nb4 15. Bd3 Bd7 16. Bxe4 dxe4 17. Rxd7 exf3 18. Rxb7 Rfd8 19. Nd4 Rxd4 20. c3 Qf5+ 0-1

[Event "Early-Titled-Tuesday-Blitz-January-23-2024"]
[Site "Chess.com"]
[Date "2024.01.23"]
[Round "5"]
[White "AlexTruskavetsky"]
[Black "winniethepooh04"]
[Result "1-0"]
[WhiteElo "2698"]
[BlackElo "2531"]
[TimeControl "180+1"]
[EndTime "8:51:27 PST"]
[Termination "AlexTruskavetsky won by resignation"]

1. d4 e6 2. e4 d5 3. e5 c5 4.
c3 Nc6 5. Nf3 Bd7 6. Be2 Nge7 7.
Na3 Ng6 8. O-O cxd4 9. cxd4 Be7 10. Nc2 O-O 11. Nfe1 f6 12. exf6 Bxf6 13. Be3 Nge7 14. Bd3 Nf5 15. Nf3 Nxe3 16. Nxe3 Qb6 17. Nc2 Qxb2 18.
Rb1 Qxa2 19. Rxb7 Rfd8 20. Qe2 Rab8 21. Rxd7 Rxd7 22. Qxe6+ Rf7 23. Qxc6 Rb1 24. Rxb1 Qxb1+ 25. Nce1 Qb7 26. Qe8+ Rf8 27. Bxh7+ Kxh7 28. Qxf8 a5 29. Qa3 Qc7 30. Qb3 Qc6 31. Qc2+ Qxc2 32. Nxc2 a4 33. Kf1 Be7 34. Ke2 a3 35. Kd3 a2 36. Kc3 1-0

[Event "Early-Titled-Tuesday-Blitz-January-23-2024"]
[Site "Chess.com"]
[Date "2024.01.23"]
[Round "5"]
[White "only_strong_moves"]
[Black "funnyselfmate"]
[Result "1-0"]
[WhiteElo "2618"]
[BlackElo "2479"]
[TimeControl "180+1"]
[EndTime "8:51:33 PST"]
[Termination "only_strong_moves won by resignation"]

1. d4 d5 2. Nc3 Nf6 3. Bf4 c6 4.
e3 Nbd7 5. Nf3 e6 6. a3 Be7 7.
g4 Nxg4 8. Rg1 h5 9. h3 Ngf6 10. Rxg7 Ne4 11. Nxe4 dxe4 12. Ne5 Nxe5 13. Bxe5 Bf6 14.
Rg1 Bxe5 15. dxe5 Qxd1+ 16. Rxd1 Bd7 17. Rg7 Ke7 18. Rd4 Rag8 19. Rxg8 Rxg8 20. Rxe4 c5 21. Rh4 Rg1 22. f3 Rh1 23. Kf2 Bc6 24. Rf4 f5 25. Kg2 1-0

[Event "Early-Titled-Tuesday-Blitz-January-23-2024"]
[Site "Chess.com"]
[Date "2024.01.23"]
[Round "5"]
[White "Durarbayli"]
[Black "Adar_07"]
[Result "1-0"]
[WhiteElo "2886"]
[BlackElo "2644"]
[TimeControl "180+1"]
[EndTime "8:51:40 PST"]
[Termination "Durarbayli won by resignation"]

1. c4 Nf6 2. Nc3 c5 3. Nf3 g6 4. g3 Bg7 5. Bg2 O-O 6. O-O Nc6 7.
d4 cxd4 8. Nxd4 Nxd4 9. Qxd4 d6 10. Qd3 Bf5 11. e4 Be6 12. Bd2 Nd7 13. b3 Rc8 14. Rac1 a6 15. Nd5 Nc5 16. Qe2 Bxd5 17. exd5 Qd7 18. h4 b5 19. Kh2 bxc4 20. Bh3 f5 21.
Rxc4 Bf6 22. Rfc1 Qb7 23. b4 Ne4 24. Rxc8 Rxc8 25. Rxc8+ Kg7 26. Rc6 1-0

[Event "Early-Titled-Tuesday-Blitz-January-23-2024"]
[Site "Chess.com"]
[Date "2024.01.23"]
[Round "5"]
[White "otrov-11"]
[Black "HanSchut"]
[Result "1-0"]
[WhiteElo "2507"]
[BlackElo "2261"]
[TimeControl "180+1"]
[EndTime "8:51:41 PST"]
[Termination "otrov-11 won by resignation"]

1. d4 Nf6 2. c4 g6 3. g3 Bg7 4. Bg2 d5 5. Nf3 O-O 6. O-O dxc4 7. Nbd2 c5 8. Nxc4 cxd4 9. Qxd4 a6 10. Rd1 Qxd4 11. Nxd4 Rd8 12. Bf4 Nd5 13. Nb3 e6 14. e4 b5 15. Nb6 1-0

[Event "Early-Titled-Tuesday-Blitz-January-23-2024"]
[Site "Chess.com"]
[Date "2024.01.23"]
[Round "5"]
[White "jup1978"]
[Black "sterpfi"]
[Result "0-1"]
[WhiteElo "2393"]
[BlackElo "2227"]
[TimeControl "180+1"]
[EndTime "8:51:46 PST"]
[Termination "sterpfi won by checkmate"]

1. e4 c6 2. d4 d5 3. Nd2 dxe4 4. Nxe4 Nf6 5. Nxf6+ exf6 6. c3 Bd6 7. Bd3 O-O 8. Ne2 Re8 9. Qc2 h5 10. Be3 Nd7 11.
h3 Nb6 12. O-O-O Nd5 13. Bd2 b5 14. Ng3 h4 15. Nf5 Bf8 16. Nxh4 Qa5 17. Kb1 Be6 18. b3 b4 19. c4 Nc3+ 20. Bxc3 bxc3 21. g4 Ba3 22.
Rhg1 Bb2 23. g5 Reb8 24. gxf6 Rb6 25. Rxg7+ Kf8 26. Rdg1 Qxa2+ 27. Kxa2 Ra6+ 28. Kb1 Ra1# 0-1

[Event "Early-Titled-Tuesday-Blitz-January-23-2024"]
[Site "Chess.com"]
[Date "2024.01.23"]
[Round "5"]
[White "wadsy27"]
[Black "snowlord"]
[Result "1-0"]
[WhiteElo "2655"]
[BlackElo "2854"]
[TimeControl "180+1"]
[EndTime "8:51:56 PST"]
[Termination "wadsy27 won by resignation"]

1. c4 d6 2. Nf3 g6 3. d4 Bg7 4.
Nc3 e5 5. dxe5 dxe5 6. Qxd8+ Kxd8 7. h4 f6 8. g3 Be6 9. b3 Nd7 10. Bh3 Bxh3 11. Rxh3 Nh6 12. Bxh6 Bxh6 13. Rd1 c6 14. g4 Bg7 15. Nxe5 fxe5 16. Rhd3 Kc8 17. Rxd7 Bf8 18. Rd8+ Kc7 19. Rxa8 1-0

[Event "Early-Titled-Tuesday-Blitz-January-23-2024"]
[Site "Chess.com"]
[Date "2024.01.23"]
[Round "5"]
[White "Revan_2002"]
[Black "whiteglovethief"]
[Result "1-0"]
[WhiteElo "2379"]
[BlackElo "2529"]
[TimeControl "180+1"]
[EndTime "8:52:01 PST"]
[Termination "Revan_2002 won by resignation"]

1. c4 Nf6 2. Nc3 e6 3. d4 Bb4 4. Nf3 Nc6 5. Bg5 d6 6. e3 Bxc3+ 7. bxc3 h6 8. Bh4 g5 9. Bg3 Ne4 10. Qc2 f5 11. Bd3 d5 12. cxd5 exd5 13. Ne5 Qf6 14. Nxc6 Qxc6 15. Be5 O-O 16. c4 Be6 17. cxd5 Qxd5 18.
h4 g4 19. f3 Qa5+ 20. Kf1 c5 21. Kg1 cxd4 22. exd4 Rac8 23. Qe2 Ng3 24. Bxg3 Bc4 25. Bxc4+ 1-0

[Event "Early-Titled-Tuesday-Blitz-January-23-2024"]
[Site "Chess.com"]
[Date "2024.01.23"]
[Round "5"]
[White "Iunusovnuriddin"]
[Black "SHIVACalypso"]
[Result "1-0"]
[WhiteElo "2283"]
[BlackElo "2424"]
[TimeControl "180+1"]
[EndTime "8:52:06 PST"]
[Termination "Iunusovnuriddin won by resignation"]

1. e4 e6 2. d4 d5 3. Nc3 Nf6 4. Bg5 Be7 5. e5 Nfd7 6. h4 h6 7. Qh5 a6 8. O-O-O g6 9. Bxe7 Qxe7 10. Qg4 h5 11. Qf4 c5 12. dxc5 Nc6 13. Nf3 Nxc5 14.
Ng5 Bd7 15. Rh3 Rc8 16. Rxd5 exd5 17. Nxd5 Nxe5 18. Nxe7 Ncd3+ 19. Bxd3 Nxd3+ 20. Rxd3 Kxe7 21. Qxf7+ 1-0

[Event "Early-Titled-Tuesday-Blitz-January-23-2024"]
[Site "Chess.com"]
[Date "2024.01.23"]
[Round "5"]
[White "Bigfish1995"]
[Black "ukchessbomber"]
[Result "1-0"]
[WhiteElo "3117"]
[BlackElo "2676"]
[TimeControl "180+1"]
[EndTime "8:52:09 PST"]
[Termination "Bigfish1995 won by resignation"]

1. e4 b6 2. d4 Bb7 3. Bd3 e6 4. Nf3 d6 5. O-O Nd7 6. Re1 Ngf6 7. e5 dxe5 8. dxe5 Ng4 9. Bf4 Bc5 10. Bg3 O-O 11. h3 Nh6 12. Nc3 Re8 13. Ne4 Be7 14.
Bb5 c6 15. Bd3 Nf5 16. Bf4 Nc5 17. Nxc5 Bxc5 18. c3 Be7 19. Qc2 g6 20. Be4 Qc7 21.
Nh2 c5 22. Ng4 Bxe4 23. Qxe4 Rad8 24. Nf6+ Bxf6 25. exf6 Qd7 26. g4 Nd6 27. Qe5 Qc6 28.
Qg5 Kh8 29. Rad1 Nc4 30. Qh6 1-0

[Event "Early-Titled-Tuesday-Blitz-January-23-2024"]
[Site "Chess.com"]
[Date "2024.01.23"]
[Round "5"]
[White "Logman74"]
[Black "SpongeBob_03"]
[Result "1-0"]
[WhiteElo "2486"]
[BlackElo "2214"]
[TimeControl "180+1"]
[EndTime "8:52:29 PST"]
[Termination "Logman74 won by resignation"]

1. e4 c6 2. d4 d5 3. exd5 cxd5 4. c4 Nf6 5. Nc3 Nc6 6. Bg5 Bg4 7. Be2 Bxe2 8. Ngxe2 e6 9. c5 Be7 10. O-O Nd7 11.
Bxe7 Qxe7 12. Rb1 O-O 13. b4 a6 14. a4 f6 15. b5 axb5 16. axb5 Na5 17. Re1 Nc4 18. Nf4 e5 19. Nfxd5 Qf7 20. c6 bxc6 21.
bxc6 Nb8 22. Rb7 Qg6 23. Ne7+ 1-0

[Event "Early-Titled-Tuesday-Blitz-January-23-2024"]
[Site "Chess.com"]
[Date "2024.01.23"]
[Round "5"]
[White "GlennTipton"]
[Black "GoValya"]
[Result "1/2-1/2"]
[WhiteElo "2515"]
[BlackElo "2302"]
[TimeControl "180+1"]
[EndTime "8:52:36 PST"]
[Termination "Game drawn by repetition"]

1. e4 e6 2. d4 d5 3. e5 c5 4. c3 Nc6 5. Nf3 a6 6. Bd3 cxd4 7.
cxd4 Nge7 8. Nc3 Nf5 9. Be3 Be7 10. O-O O-O 11. g4 Nh4 12. Nxh4 Bxh4 13. f4 Be7 14. f5 f6 15. exf6 Bxf6 16. fxe6 Bxe6 17. Bf5 Bxf5 18. Rxf5 Ne7 19. Rf1 g6 20. Bh6 Bg7 21. Bxg7 Kxg7 22. Qe2 Qd6 23. Rae1 Nc6 24. Rxf8 Rxf8 25.
Qe6 Qf4 26. Nxd5 Qf2+ 27. Kh1 Qf3+ 28. Kg1 Qf2+ 29. Kh1 Qf3+ 30. Kg1 Qf2+ 1/2-1/2

[Event "Early-Titled-Tuesday-Blitz-January-23-2024"]
[Site "Chess.com"]
[Date "2024.01.23"]
[Round "5"]
[White "mary-sanna"]
[Black "NitaLucian"]
[Result "1-0"]
[WhiteElo "2205"]
[BlackElo "2387"]
[TimeControl "180+1"]
[EndTime "8:52:39 PST"]
[Termination "mary-sanna won by resignation"]

1. d4 d6 2. c4 Nf6 3. Nc3 Nbd7 4.
e4 e5 5. Nge2 Be7 6. g3 O-O 7. Bg2 c6 8. O-O a6 9. b4 b5 10. c5 exd4 11. Nxd4 dxc5 12. Nxc6 Qe8 13. Nxe7+ Qxe7 14. Nd5 Qe5 15. Bf4 Qd4 16. Qxd4 cxd4 17. Nxf6+ Nxf6 18. e5 Bh3 19. Bxh3 Nd5 20. Bg2 Nxf4 21.
gxf4 Rad8 22. Rfd1 Rd7 23. Rd3 Rfd8 24. Rad1 Kf8 25.
Kf1 Ke7 26. Ke2 f6 27. Kf3 f5 28. Bh3 g6 29. Bf1 Ke6 30. h4 h5 31. Ke2 Rc8 32. Rg3 Rc4 33. Rxg6+ Kf7 34. e6+ Kxg6 35. exd7 1-0

[Event "Early-Titled-Tuesday-Blitz-January-23-2024"]
[Site "Chess.com"]
[Date "2024.01.23"]
[Round "5"]
[White "djano"]
[Black "GMBenjaminBok"]
[Result "1-0"]
[WhiteElo "2676"]
[BlackElo "2894"]
[TimeControl "180+1"]
[EndTime "8:52:41 PST"]
[Termination "djano won by resignation"]

1. e4 c5 2. Nc3 d6 3. f4 g6 4.
Nf3 Bg7 5. Bc4 Nc6 6. O-O e6 7. d4 cxd4 8. Nb5 Nge7 9. Bb3 O-O 10.
Nbxd4 Na5 11. Be3 b6 12. Qe1 Nxb3 13. axb3 Bb7 14. f5 e5 15. Bg5 h6 16. f6 hxg5 17. fxg7 Kxg7 18. Nxg5 exd4 19. Qh4 Rh8 20. Rxf7+ Kg8 21.
Rh7 1-0

[Event "Early-Titled-Tuesday-Blitz-January-23-2024"]
[Site "Chess.com"]
[Date "2024.01.23"]
[Round "5"]
[White "Rurep26"]
[Black "Flaccidmoves"]
[Result "1-0"]
[WhiteElo "2758"]
[BlackElo "2443"]
[TimeControl "180+1"]
[EndTime "8:52:51 PST"]
[Termination "Rurep26 won by resignation"]

1. d4 Nf6 2. Bf4 g6 3. Nc3 d5 4. e3 Bg7 5. h4 h5 6. Nf3 Bg4 7. Qd2 Bxf3 8. gxf3 O-O 9. Bd3 c5 10. dxc5 Nc6 11. O-O-O e5 12. Bg5 d4 13. Ne4 Nxe4 14.
Bxe4 Qc7 15. Rhg1 f6 16. exd4 fxg5 17. Qxg5 Ne7 18. d5 Qxc5 19. d6 Nf5 20. Qxg6 1-0

[Event "Early-Titled-Tuesday-Blitz-January-23-2024"]
[Site "Chess.com"]
[Date "2024.01.23"]
[Round "5"]
[White "ExchangeAB"]
[Black "Rodalquilar"]
[Result "0-1"]
[WhiteElo "2436"]
[BlackElo "2720"]
[TimeControl "180+1"]
[EndTime "8:52:55 PST"]
[Termination "Rodalquilar won by resignation"]

1. d4 d5 2. Nf3 Nf6 3. c3 Bf5 4. Qb3 Qc8 5. Bf4 e6 6. e3 c5 7.
Bb5+ Nc6 8. Ne5 Nd7 9. Qa4 Ndxe5 10. Bxe5 f6 11. Bg3 a6 12. Bxc6+ Qxc6 13. Qxc6+ bxc6 14.
Nd2 Bd3 15. Nb3 c4 16. Nc5 Bxc5 17. dxc5 e5 18. Kd2 Kd7 19. b4 Ke6 20. a4 Rhb8 21. a5 h5 22. f3 g5 23. h4 Rg8 24. Rh2 g4 25. f4 Be4 26. Rf1 Rad8 27. Rf2 d4 28.
exd4 exd4 29. Rh1 dxc3+ 30. Kxc3 Rd3+ 31. Kb2 Rxg3 32. Re1 Kf5 0-1